 Dungeon Crawl Stone Soup version 0.31-a0-1301-g7e11add784 (webtiles) character file.

Game seed: 6431141127942665019

8058 Amplified the Fighter (level 10, -6/88 HPs)
             Began as a Demigod Ice Elementalist on Dec 19, 2023.
             Killed from afar by an arcanist (31 damage)
             ... with a lance of force
             ... on level 10 of the Dungeon.
             The game lasted 00:21:40 (11436 turns).

Amplified the Fighter (Demigod Ice Elementalist)   Turns: 11436, Time: 00:21:40

Health: -6/88      AC: 13    Str: 21    XL:     10   Next: 76%
Magic:  0/16       EV: 12    Int: 17    God:
Gold:   274        SH:  0    Dex: 16    Spells: 15/24 levels left

rFire   . . .        z - +8 spear of Causality {venom, rN+ MP-9 Dex+2}
rCold   . . .        (no shield)
rNeg    + . .        E - +1 leather armour {rPois}
rPois   +            o - +0 helmet
rElec   .            y - +0 cloak
rCorr   .            (no gloves)
SInv    .            f - +0 pair of boots
Will    ++...        b - amulet of guardian spirit
Stlth   ++           t - ring of willpower
HPRegen 0.34/turn    (no ring)
MPRegen 0.15/turn

%: guardian spirit
@: ice-armoured, freezing walls, fragile (+50% incoming damage)
A: high MP 1, forlorn, divine attributes
a: no special abilities


You were on level 10 of the Dungeon.
You visited 2 branches of the dungeon, and saw 11 of its levels.

You collected 482 gold pieces.
You spent 208 gold pieces at shops.

Inventory:

Hand Weapons
 g - a +2 heavy spear
 j - a +2 broad axe of freezing
 r - a +0 short sword of venom
 z - the +8 spear of Causality (weapon) {venom, rN+ MP-9 Dex+2}
   (You bought it in a shop on level 3 of the Dungeon)

   Dex+2:     It affects your dexterity (+2).
   rN+:       It protects you from negative energy.
   MP-9:      It affects your magic capacity (-9).
Missiles
 p - 8 poisoned darts (quivered)
Armour
 f - a +0 pair of boots (worn)
 o - a +0 helmet (worn)
 y - a +0 cloak (worn)
 E - a +1 leather armour of poison resistance (worn)
Jewellery
 b - an amulet of guardian spirit (around neck)
 t - a ring of willpower (left hand)
Wands
 c - a wand of iceblast (1)
 k - a wand of digging (7)
 D - a wand of flame (39)
Scrolls
 a - a scroll of butterflies
 h - a scroll of brand weapon
 l - a scroll of vulnerability
 n - a scroll of identify
 s - a scroll of revelation
 u - 2 scrolls of fog
 v - 2 scrolls of poison
 A - 3 scrolls of teleportation
 B - a scroll of immolation
Potions
 e - a potion of attraction
 i - 3 potions of degeneration
 m - a potion of brilliance
 q - 2 potions of enlightenment
 w - a potion of mutation
 x - a potion of haste


   Skills:
 * Level 8.2 Fighting
 * Level 3.2(4.7) Axes
 - Level 5.3(5.8) Polearms
 + Level 6.7 Armour
 - Level 1.7 Dodging
 - Level 1.7 Stealth
 * Level 7.7 Spellcasting
 - Level 2.1 Translocations
 - Level 5.4 Ice Magic


You had 15 spell levels left.
You knew the following spells:

 Your Spells              Type           Power      Damage    Failure   Level
a - Freeze                Ice            100%       1d10      1%          1
b - Frozen Ramparts       Ice            50%        1d8       4%          3
c - Ozocubu's Armour      Ice            25%        N/A       4%          3
d - Lesser Beckoning      Tloc           26%        N/A       8%          2

Your spell library contained the following spells:

 Spells                   Type           Power      Damage    Failure   Level
 Blink                    Tloc           26%        N/A       8%          2
 Sting                    Tmut/Pois      24%        1d4       12%         1
 Momentum Strike          Conj/Tloc      20%        3d8       12%         2
 Gell's Gravitas          Tloc           13%        N/A       16%         3
 Teleport Other           Tloc           13%        N/A       16%         3
 Cigotuvi's Dreadful Rot  Necr/Pois/Air  12%        N/A       19%         2
 Poisonous Vapours        Pois/Air       12%        N/A       19%         2
 Call Canine Familiar     Summ           6%         N/A       36%         3
 Sigil of Binding         Hex            6%         N/A       36%         3
 Summon Ice Beast         Ice/Summ       15%        N/A       38%         4
 Manifold Assault         Tloc           13%        N/A       45%         4
 Dimensional Bullseye     Hex/Tloc       5%         N/A       61%         4
 Anguish                  Hex/Necr       3%         N/A       77%         4
 Cause Fear               Hex            3%         N/A       77%         4
 Dispel Undead            Necr           6%         3d8       77%         4
 Olgreb's Toxic Radiance  Pois           6%         N/A       77%         4
 Summon Forest            Summ/Tloc      5%         N/A       91%         5
 Summon Mana Viper        Hex/Summ       6%         N/A       98%         5
 Death Channel            Necr           3%         N/A       100%        6
 Summon Cactus Giant      Summ           3%         N/A       100%        6
 Enfeeble                 Hex            3%         N/A       100%        7


Dungeon Overview and Level Annotations

Branches:
Dungeon (10/15)            Temple (0/1) D:5            Lair (1/5) D:8
    Orc: D:9-12

Shops:
D:3 [[((!   D:6 !

Portals:
Abyss: D:6

Annotations:
D:6 2 transporters, Zigma's ghost, novice DrSh
D:7 1 runed translucent door, jotaen's ghost, novice MiFi


Innate Abilities, Weirdness & Mutations

You have an increased reservoir of magic. (+10% MP)
You shall have no god before yourself.
Your divine heritage dramatically boosts your attributes as you level up.


Message History

The arcanist barely misses you.
The wall freezes the arcanist.
The arcanist gestures at you while chanting.
Your body becomes as fragile as glass!
Unknown command.
You hit the arcanist.
The arcanist is poisoned.
The arcanist is severely wounded.
The wall freezes the arcanist.
The arcanist gestures at you while chanting.
The lance of force hits you.
You are knocked back by the lance of force.
You slam into the rock wall!
The wall freezes the arcanist.
The arcanist barely misses you. The arcanist blocks your attack.
The arcanist is almost dead.
The wall freezes the arcanist.
You kill the arcanist!
The wall freezes the arcanist.
The arcanist points at you and mumbles some strange words.
The lance of force hits you!!
You are knocked back by the lance of force.
You slam into the rock wall!
You puncture the arcanist!
The arcanist is severely wounded.
The wall freezes the arcanist.
The arcanist hits you with a +0 long sword.
* * * LOW HITPOINT WARNING * * *
Unknown command.
Unknown command.
Okay, then.
Okay, then.
You hit the arcanist.
The arcanist is poisoned.
The arcanist is almost dead.
Unknown command.
Unknown command.
The arcanist blocks your attack.
The arcanist is almost dead.
The wall freezes the arcanist.
The arcanist gestures at you while chanting.
The lance of force hits you!!
You die...

#...<#'##...##..#
#....#.##...##..#
#..#.#..........#
......####.......#
#....###...###'#####
#.... #.#......####
#.... +.....##.#..#
#... #.....##p#..#
#......)@#..#
#.#.##'###..###### #
#[#............. .
#.............
#.............
#.....p.......
#.............
#$......p.....
#.............


You could see an arcanist (very poisoned).

Vanquished Creatures
  2 two-headed ogres
  An arcanist (D:10)
  Psyche (D:9)
  A hornet (D:8)
  Grinder (D:5)
  Prince Ribbit (D:8)
  A shadow (D:9)
  2 wyverns
  A vampire (D:10)
  10 yaks
  Eustachio (D:5)
  A warg (D:8)
  Menkaure (D:5)
  A water moccasin (D:6)
  2 orc warriors (D:9)
  A sky beast (D:8)
  2 ice beasts
  A black bear (D:4)
  An ogre (D:7)
  2 wolves (D:8)
  A phantom (D:4)
  4 bullfrogs
  A kobold brigand (D:8)
  A gnoll sergeant (D:7)
  3 scorpions
  5 wights (D:8)
  4 killer bees (D:9)
  2 howler monkeys (D:9)
  2 hounds
  2 gnoll boudas (D:5)
  6 orc priests
  Crazy Yiuf (D:6)
  3 jellies
  6 iguanas
  A sleepcap (D:7)
  10 orc wizards
  11 gnolls
  10 adders
  A shadow imp (D:6)
  3 white imps
  A worm (D:5)
  2 dart slugs (D:4)
  27 orcs
  3 bats
  5 endoplasms
  A giant cockroach (D:5)
  6 goblins
  3 quokkas
  10 ball pythons
  2 frilled lizards
  11 kobolds
  3 rats
185 creatures vanquished.

Vanquished Creatures (collateral kills)
  A hound (D:5)
  A hobgoblin (D:5)
2 creatures vanquished.

Grand Total: 187 creatures vanquished

Notes
Turn   | Place    | Note
-------+----------+-------------------------------------------
     0 | D:1      | Amplified the Demigod Ice Elementalist began the quest for
                  | the Orb.
     0 | D:1      | Reached XP level 1. HP: 14/14 MP: 5/5
   312 | D:1      | Reached XP level 2. HP: 19/22 MP: 4/7
   950 | D:2      | Reached skill level 1 in Fighting
   950 | D:2      | Reached skill level 1 in Armour
  1117 | D:2      | Reached XP level 3. HP: 13/28 MP: 6/8
  1656 | D:3      | Found Bofox's Distillery.
  1665 | D:3      | Bought a potion of might for 56 gold pieces
  1815 | D:4      | Learned a level 3 spell: Frozen Ramparts
  1822 | D:4      | Reached XP level 4. HP: 30/35 MP: 4/10
  1829 | D:4      | Noticed a phantom
  1837 | D:3      | Found Xauhamut's Antique Weapon Shop.
  1838 | D:3      | Found Kiohor's Armour Shoppe.
  1910 | D:3      | Found Puly's Antique Weapon Emporium.
  1913 | D:3      | Found Panwohu's Armour Shop.
  2572 | D:4      | Killed a phantom
  2573 | D:4      | Reached skill level 2 in Fighting
  2573 | D:4      | Reached XP level 5. HP: 29/41 MP: 10/12
  2638 | D:4      | Noticed a black bear
  2644 | D:5      | Entered Level 5 of the Dungeon
  2782 | D:4      | Learned a level 3 spell: Ozocubu's Armour
  3000 | D:5      | Reached XP level 6. HP: 11/50 MP: 13/13
  3364 | D:5      | Noticed Grinder
  3383 | D:5      | Killed Grinder
  3384 | D:5      | Reached skill level 3 in Fighting
  3384 | D:5      | Reached skill level 5 in Ice Magic
  3462 | D:5      | Reached XP level 7. HP: 28/57 MP: 4/15
  3694 | D:5      | Noticed Menkaure
  3752 | D:5      | Noticed Eustachio
  3795 | D:5      | Killed Eustachio
  3951 | D:5      | Found a staircase to the Ecumenical Temple.
  4039 | D:5      | Killed Menkaure
  4184 | D:5      | Learned a level 2 spell: Lesser Beckoning
  4274 | D:6      | Reached skill level 4 in Fighting
  4274 | D:6      | Reached skill level 1 in Translocations
  4624 | D:6      | Reached XP level 8. HP: 66/66 MP: 16/18
  4795 | D:6      | Found a transporter.
  4795 | D:6      | Noticed Zigma's ghost (novice DrSh)
  4799 | D:6      | Found a transporter.
  4805 | D:6      | Found a one-way gate to the infinite horrors of the Abyss.
  4818 | D:6      | Found Usuercho's Distillery.
  4892 | D:6      | Found a runed translucent door.
  4893 | D:6      | Noticed Crazy Yiuf
  5023 | D:6      | Noticed a cyan ugly thing
  5147 | D:6      | Killed Crazy Yiuf
  5652 | D:3      | Bought an ivory spear for 152 gold pieces
  5652 | D:3      | Identified the +8 spear of Causality {venom, rN+ MP-9
                  | Dex+2} (You bought it in a shop on level 3 of the Dungeon)
  5898 | D:7      | Reached skill level 1 in Polearms
  6055 | D:7      | Reached skill level 5 in Fighting
  6055 | D:7      | Reached skill level 5 in Spellcasting
  6292 | D:7      | Found a runed translucent door.
  6305 | D:7      | Noticed jotaen's ghost (novice MiFi)
  6591 | D:7      | Noticed an angel
  6609 | D:7      | Reached skill level 5 in Armour
  7769 | D:8      | Reached XP level 9. HP: 50/73 MP: 3/21
  7851 | D:8      | Noticed Prince Ribbit
  7881 | D:8      | Killed Prince Ribbit
  8137 | D:8      | Reached skill level 6 in Fighting
  8955 | D:8      | Found a staircase to the Lair.
  9352 | D:9      | Noticed a two-headed ogre
  9496 | Lair:1   | Entered Level 1 of the Lair of Beasts
  9497 | Lair:1   | Noticed an eight-headed hydra
  9549 | D:8      | Reached skill level 7 in Fighting
  9793 | D:8      | Killed a two-headed ogre
  9794 | D:8      | Reached skill level 5 in Polearms
  9794 | D:8      | Reached XP level 10. HP: 47/86 MP: 2/24
  9836 | D:8      | HP: 4/86 [troll (6)]
 10666 | D:9      | Noticed Psyche
 10676 | D:9      | Killed Psyche
 10716 | D:9      | Reached skill level 1 in Axes
 11152 | D:9      | Noticed a two-headed ogre
 11160 | D:9      | Killed a two-headed ogre
 11161 | D:9      | Reached skill level 8 in Fighting
 11376 | D:10     | Entered Level 10 of the Dungeon
 11418 | D:10     | Noticed an arcanist
 11418 | D:10     | Noticed an arcanist
 11433 | D:10     | Killed an arcanist
 11436 | D:10     | Killed from afar by an arcanist

Illustrated notes

Levels and vault maps discovered:
D:1:      beargit_arrival_greenhouse, layout_rooms, minmay_quantized
D:2:      layout_loops_corners, basic_ecumenical_altar
D:3:      layout_rooms, serial_shops, shop, shop, shop, shop, shop
D:4:      layout_rooms, corexii_hall_statues_i
D:5:      layout_cave_pools, cheibrodos_worm_habitat,
          minmay_temple_entry_glassed_door, uniq_eustachio, uniq_menkaure,
          uniq_grinder
D:6:      layout_loops_ring, general_overflow_altar,
          gammafunk_ghost_abyssal_escape, serial_shops, nicolae_shop_waterfront,
          uniq_crazy_yiuf_cottage
D:7:      layout_basic, grunt_temple_overflow_order_and_chaos_1,
          gammafunk_temple_overflow_elements, ebering_ghost_inner_flame
D:8:      layout_layer_cave, grunt_temple_overflow_growth_and_decay,
          erik_lair_orcish_takeover, uniq_prince_ribbit1
D:9:      layout_stronghold, mainiacjoe_overflow_catwalk, grunt_qazlal_clouds,
          grunt_decor_mini_mirrors, uniq_psyche
D:10:     minmay_clustersquares, layout_stronghold, sword_in_stone, uniq_joseph
Lair:1:   layout_hall_layers, gammafunk_ghost_arena,
          nicolae_quartered_pool_medium, uniq_amaemon, uniq_sonja

Skill      XL: |  1  2  3  4  5  6  7  8  9 10 |
---------------+-------------------------------+-----
Spellcasting   | 2 3 4 5 6 7 |  7.7
Fighting       | 1 2 3 4 5 7 8 |  8.2
Armour         | 1 2 3 4 5 6 |  6.7
Ice Magic      | 4 5 |  5.4
Translocations | 1 2 |  2.1
Polearms       | 2 5 |  5.3
Axes           | 3 |  3.2
Dodging        | |  1.7
Stealth        | |  1.7

Action                     |  1- 3 |  4- 6 |  7- 9 | 10-12 || total
---------------------------+-------+-------+-------+-------++-------
  Melee: Dagger            |    65 |    35 |       |       ||   100
         Unarmed           |     5 |       |       |       ||     5
         Punch             |     1 |     1 |     2 |       ||     4
         Short sword       |       |    85 |   110 |    11 ||   206
         Spear             |       |       |   183 |    87 ||   270
  Throw: Dart              |       |     6 |     4 |       ||    10
   Cast: Freeze            |    41 |     8 |       |     1 ||    50
         Frozen Ramparts   |       |     4 |    35 |    13 ||    52
         Ozocubu's Armour  |       |     4 |    33 |     9 ||    46
         Lesser Beckoning  |       |       |     6 |     1 ||     7
  Evoke: Wand              |       |     5 |    10 |     2 ||    17
    Use: Scroll            |     2 |     4 |     8 |     1 ||    15
         Potion            |       |     8 |     3 |     3 ||    14
   Stab: Sleeping          |     3 |     1 |     4 |       ||     8
         Invisible         |       |     3 |     4 |       ||     7
         Betrayed ally     |       |     1 |       |       ||     1
         Distracted        |       |       |     1 |       ||     1
 Armour: Robe              |    66 |    76 |   145 |       ||   287
         Skin              |       |    27 |     3 |       ||    30
         Leather armour    |       |       |   100 |    77 ||   177
  Dodge: Dodged            |    52 |    78 |   216 |    42 ||   388

Table legend: (Time is in decaauts)
 A = Elapsed time spent in this place.
 B = Non-inter-level travel time spent in this place.
 C = Inter-level travel time spent in this place.
 D = Time resting spent in this place.
 E = Time spent auto-exploring this place.
 F = Levels seen in this place.
 G = Mean time per level.
                   A        B        C        D        E       F      G
               +--------+--------+--------+--------+--------+-----+--------+
         Total |  11384 |  10749 |    635 |   1393 |   7127 |  11 | 1034.9 |
       Dungeon |  11374 |  10739 |    635 |   1393 |   7127 |  10 | 1137.4 |
          Lair |      9 |      9 |      0 |      0 |      0 |   1 |    9.0 |
               +--------+--------+--------+--------+--------+-----+--------+

Top non-repeatable levels by time:
     D:8: 2446 daAuts
     D:7: 1622 daAuts
     D:9: 1543 daAuts
     D:5: 1257 daAuts
     D:6: 1022 daAuts
     D:2: 947 daAuts
     D:4: 907 daAuts
     D:3: 793 daAuts
     D:1: 775 daAuts
    D:10: 57 daAuts
  Lair:1: 9 daAuts
